 Dungeon Crawl Stone Soup version 0.23-a0-586-gacb4b3f (webtiles) character file.

77 KristoblXynda the Skirmisher (level 4, -2/40 HPs)
             Began as a Draconian Monk on Dec 18, 2018.
             Slain by a gnoll
             ... wielding a +0 whip
              (11 damage)
             ... on level 2 of the Dungeon.
             The game lasted 00:02:12 (1160 turns).

KristoblXynda the Skirmisher (Draconian Monk)       Turns: 1160, Time: 00:02:13

Health: -2/40      AC:  5    Str: 13    XL:     4   Next: 13%
Magic:  4/4        EV: 13    Int: 12    God:
Gold:   124        SH:  0    Dex: 13    Spells: 3/3 levels left

rFire    . . .     SeeInvis .     - Unarmed
rCold    + . .     Gourm    .   (no shield)
rNeg     . . .     Faith    .   (armour unavailable)
rPois    .         Spirit   .   (helmet restricted)
rElec    .         Reflect  .   (no cloak)
rCorr    .         Harm     .   (no gloves)
MR       +....                  (no boots)
Stlth    ++........             (no amulet)
HPRegen  0.13/turn              c - ring of protection from cold
MPRegen  0.09/turn              d - ring of protection from magic

@: no status effects
A: unfitting armour, cold-blooded, AC +5
a: no special abilities


You were on level 2 of the Dungeon.
You were hungry.

You visited 1 branch of the dungeon, and saw 2 of its levels.

You collected 124 gold pieces.

Inventory:

Jewellery
 c - a ring of protection from cold (left hand)
 d - a ring of protection from magic (right hand)
Scrolls
 b - 3 scrolls of identify {unknown}
 e - 2 scrolls of teleportation {unknown}
Potions
 f - 2 potions of curing {unknown}
 g - a potion of heal wounds {unknown}
Comestibles
 a - 6 rations


   Skills:
 + Level 4.1 Fighting
 + Level 3.4 Dodging
 - Level 1.7 Stealth
 + Level 3.7 Unarmed Combat


You had 3 spell levels left.
You didn't know any spells.
Your spell library was empty.

Dungeon Overview and Level Annotations

Branches:
Dungeon (2/15)

Altars:
Xom


Innate Abilities, Weirdness & Mutations

Your plain brown scales are hard. (AC +5)
You cannot fit into any form of body armour.
You are cold-blooded and may be slowed by cold attacks.


Message History

You closely miss the gnoll. You tail-slap the gnoll.
The gnoll is moderately wounded.
The gnoll completely misses you.
You barely miss the gnoll.
The gnoll is moderately wounded.
The gnoll hits you with a +0 whip.
You hit the gnoll.
The gnoll is severely wounded.
The gnoll hits you but does no damage.
You closely miss the gnoll.
The gnoll is severely wounded.
The gnoll hits you with a +0 whip.
* * * LOW HITPOINT WARNING * * *
You barely miss the gnoll.
Your tail-slap misses the gnoll.
The gnoll is severely wounded.
The gnoll barely misses you.
You closely miss the gnoll.
The gnoll is severely wounded.
The gnoll hits you with a +0 whip!
You die...

####.# ##................#
#####.#####.>..#.###.........#
..##..#.....#..#.# #.........#
........#....<##.###.........#
.##.......###..........#######
.##.###.###...##....####
.#..###..#..###..####
...##......##....#
......##...##.##@#
.....#####.#..##g#
................###
###.##..#..####.().####
...............#.#....#####
#######..#.................
#.....###...........#
####.#.#...##).........#
#....#..##.##..........#


You could see a gnoll.

Vanquished Creatures
  3 gnolls (D:2)
  An adder (D:2)
  4 dart slugs (D:1)
  A leopard gecko (D:2)
  A ball python (D:1)
  3 bats (D:1)
  A giant cockroach (D:1)
  2 goblins (D:1)
  7 hobgoblins
  A jackal (D:1)
  A frilled lizard (D:1)
  3 kobolds (D:1)
  A rat (D:1)
29 creatures vanquished.

Notes
Turn   | Place    | Note
-------+----------+-------------------------------------------
     0 | D:1      | KristoblXynda the Draconian Monk began the quest for the
                  | Orb.
     0 | D:1      | Reached XP level 1. HP: 19/19 MP: 1/1
    86 | D:1      | Reached XP level 2. HP: 15/26 MP: 2/2
   488 | D:1      | Reached XP level 3. HP: 30/33 MP: 3/3
   909 | D:2      | Found a shimmering altar of Xom.
   990 | D:2      | Reached skill level 4 in Fighting
  1154 | D:2      | Reached XP level 4. HP: 19/40 MP: 4/4
  1160 | D:2      | Slain by a gnoll

Vault maps used:
D:1:      dpeg_arrival_brainrot
D:2:      nicolae_overflow_crystal_walls

Skill      XL: |  1  2  3 |
---------------+----------+-----
Dodging        | 3 |  3.4
Fighting       | 4 |  4.1
Stealth        | |  1.7
Unarmed Combat | |  3.7

Action                   |  1- 3 |  4- 6 || total
-------------------------+-------+-------++-------
Melee: Unarmed           |   125 |     6 ||   131
       Tailslap          |    14 |     1 ||    15
       Punch             |     3 |       ||     3
 Stab: Sleeping          |     1 |       ||     1
Armor: Skin              |    36 |     1 ||    37
Dodge: Dodged            |    84 |     2 ||    86

Table legend:
 A = Non-vault XP
 B = Vault XP
 C = Vault XP percentage of total XP
 D = Non-vault monster count
 E = Vault monster count
 F = Vault count percentage of total count
                 A         B        C        D         E       F
            +---------+---------+-------+---------+---------+-------
      Total |     108 |       2 |   1.8 |      28 |       1 |   3.4
            +---------+---------+-------+---------+---------+-------
        D:1 |      45 |       2 |   4.3 |      21 |       1 |   4.5
        D:2 |      63 |       0 |   0.0 |       7 |       0 |   0.0
            +---------+---------+-------+---------+---------+-------
